 Dungeon Crawl Stone Soup version 0.29.1-1-gd02db6906a (webtiles) character file.

Game seed: 11743089566563145636

4 SSird the Shooter (level 1, 0/13 HPs)
             Began as a Gnoll Wanderer on Sept 20, 2022.
             Slain by a goblin
             ... wielding a +0 club
              (2 damage)
             ... on level 1 of the Dungeon.
             The game lasted 00:01:00 (187 turns).

SSird the Shooter (Gnoll Wanderer)                   Turns: 187, Time: 00:01:00

Health: 0/13       AC:  2    Str:  8    XL:     1   Next: 70%
Magic:  2/2        EV: 11    Int: 10    God:
Gold:   19         SH:  0    Dex: 15    Spells: 0/0 levels left

rFire   . . .      SeeInvis .   a - +2 sling
rCold   . . .      Faith    .   (no shield)
rNeg    . . .      Spirit   .   f - +0 robe
rPois   .          Reflect  .   (no helmet)
rElec   .          Harm     .   (no cloak)
rCorr   .          Rampage  .   (no gloves)
Will    .....                   (no boots)
Stlth   ++........              (no amulet)
HPRegen 0.04/turn               (no ring)
MPRegen 0.08/turn               (no ring)

@: no status effects
A: fangs 1, strong nose, distributed training
a: no special abilities


You were on level 1 of the Dungeon.
You visited 1 branch of the dungeon, and saw 1 of its levels.

You collected 19 gold pieces.

Inventory:

Hand Weapons
 a - a +2 sling (weapon)
 b - a +0 falchion
 d - a +0 dagger
Missiles
 c - 9 poisoned darts (quivered)
Armour
 f - a +0 robe (worn)
Scrolls
 i - 2 scrolls of identify {unknown}
Potions
 e - a potion of lignification
 g - a potion of degeneration {unknown}
 h - a potion of attraction {unknown}
 j - 2 potions of heal wounds {unknown}


   Skills:
 + Level 0.1 Fighting
 + Level 0.1 Short Blades
 + Level 4.4 Long Blades
 + Level 0.1 Axes
 + Level 0.1 Maces & Flails
 + Level 0.1 Polearms
 + Level 0.1 Staves
 + Level 6.4 Ranged Weapons
 + Level 4.4 Throwing
 + Level 0.1 Armour
 + Level 0.1 Dodging
 + Level 2.2 Stealth
 + Level 0.1 Shields
 + Level 0.1 Unarmed Combat
 + Level 0.1 Spellcasting
 + Level 0.1 Conjurations
 + Level 0.1 Hexes
 + Level 0.1 Summonings
 + Level 0.1 Necromancy
 + Level 0.1 Translocations
 + Level 0.1 Transmutations
 + Level 0.1 Fire Magic
 + Level 0.1 Ice Magic
 + Level 0.1 Air Magic
 + Level 0.1 Earth Magic
 + Level 0.1 Poison Magic
 + Level 2.4 Invocations
 + Level 2.4 Evocations


You couldn't memorise any spells.
You didn't know any spells.
Your spell library was empty.

Dungeon Overview and Level Annotations

Branches:
Dungeon (1/15)

Altars:


Innate Abilities, Weirdness & Mutations

You have very sharp teeth.
Your uncanny sense of smell can sniff out nearby items.
Your experience applies equally to all skills.


Message History

You shoot a sling bullet. The ball python hisses angrily.
The sling bullet hits the goblin but does no damage.
You shoot a sling bullet.
The sling bullet closely misses the goblin.
You shoot a sling bullet. The sling bullet hits the goblin!
You kill the goblin!
You shoot a sling bullet.
The sling bullet barely misses the goblin.
You shoot a sling bullet.
The sling bullet completely misses the goblin.
The goblin hits you with a +0 club. The goblin closely misses you.
You shoot a sling bullet. The sling bullet hits the goblin.
The goblin is heavily wounded.
The ball python barely misses you. x2; The goblin misses you.
You shoot a sling bullet.
The sling bullet completely misses the goblin.
The ball python closely misses you. The ball python grabs you.
The ball python constricts you. The goblin hits you with a +0 club.
You are too injured to fight recklessly!
You are too injured to fight recklessly!
Search for what [? for help]?
Okay, then.
Search for what [? for help]?
Okay, then.
Fire: a) +2 sling
Press: ? - help, Shift-Dir - straight line, f/p - goblin
Aim: a goblin, wielding a +0 club (heavily wounded, 55% to hit)
You shoot a sling bullet.
The sling bullet barely misses the goblin.
The ball python bites you.
* * * LOW HITPOINT WARNING * * *
The ball python constricts you.
* * * LOW HITPOINT WARNING * * *
The goblin barely misses you.
You escape the ball python's grasp.
Sorry, you're not good enough to have a special ability.
Unknown command.
The goblin attacks as you move away! The goblin hits you with a +0 club.
You die...

#.##...# #....#.#
####.#.#
###########.#.###
#...............#
#..........##.#.#
#..........+..#.#
#.....>....#....#
#.@........#.##.###
#gS................
......)...........#######
.........................
.........##..............
##.......##.############.
#.......##.. #.
#.......## .. #.
#........ #####.


You could see a goblin and a ball python.

Vanquished Creatures
  A ball python (D:1)
  A bat (D:1)
  2 goblins (D:1)
  A rat (D:1)
5 creatures vanquished.

Notes
Turn   | Place    | Note
-------+----------+-------------------------------------------
     0 | D:1      | SSird the Gnoll Wanderer began the quest for the Orb.
     0 | D:1      | SSird set off with the following items: a +2 sling, a +0
                  | falchion, 9 poisoned darts, a +0 dagger, a potion of
                  | lignification, a +0 robe.
     0 | D:1      | Reached XP level 1. HP: 13/13 MP: 2/2
   187 | D:1      | Slain by a goblin

Illustrated notes

Levels and vault maps discovered:
D:1:      dpeg_arrival_round_a, layout_basic, shapermc_ecumenical_altar_venn,
          chequers_serial_rivers_small_b, st_stairs_4,
          chequers_serial_rivers_room_b

Action                   || total
-------------------------++-------
 Fire: Sling             ||    14
Dodge: Dodged            ||     6
